 Dungeon Crawl Stone Soup version 0.20-a0-1122-gb7cbeb9 (webtiles) character file.

23722 Manul the Unseen (level 12, -6/70 HPs)
             Began as a Spriggan Assassin on May 13, 2017.
             Was an Initiate of Gozag.
             Mangled by a freezing wraith (22 damage)
             ... in an ice cave on May 14, 2017.
             The game lasted 00:29:34 (18075 turns).

Manul the Unseen (Spriggan Assassin)               Turns: 18075, Time: 00:29:34

Health: -6/70      AC:  9    Str:  7    XL:     12   Next: 74%
Magic:  13/13      EV: 34    Int: 18    God:    Gozag
Gold:   1558       SH:  0    Dex: 22    Spells: 8/11 levels left

rFire    . . .     SeeInvis +   q - +5 dagger of Qazlal's Condemnation {flame, rN+}
rCold    . . .     Gourm    .   (shield restricted)
rNeg     + . .     Faith    .   I - +2 robe {MR+}
rPois    .         Spirit   .   (helmet restricted)
rElec    .         Reflect  .   d - +0 cloak
rCorr    .         Harm     .   (gloves unavailable)
MR       +++..                  (boots unavailable)
Stlth    +++++++...             v - amulet of regeneration
Regen    0.7/turn               G - +2 ring of evasion
MPRegen  0.2/turn               r - +5 ring of intelligence

@: about to teleport, slowed, quick
A: unfitting armour, hooves 1, iridescent scales 1, thin metallic scales 1, see
invisible, herbivore 3, speed 3, robust 1, slow metabolism 2
a: Potion Petition, Call Merchant, Bribe Branch, Renounce Religion


You were in an ice cave.
You worshipped Gozag.
Gozag was most pleased with you.
You were full.

You visited 3 branches of the dungeon, and saw 14 of its levels.
You also visited: Ice Cave.

You collected 3345 gold pieces.
You spent 268 gold pieces at shops.
You paid 1519 gold pieces to Gozag.

Inventory:

Hand Weapons
 b - a +0 blowgun
 h - a +3 short sword of holy wrath
 q - the +5 dagger of Qazlal's Condemnation (weapon) {flame, rN+}
   (You bought it in a shop on level 10 of the Dungeon)

   It has been specially enchanted to burn those struck by it, causing extra
   injury to most foes and up to half again as much damage against particularly
   susceptible opponents.
   It protects you from negative energy.
 P - the +9 quarterstaff "Maanoeh" {venom, Str+3}
   (You found it on level 2 of the Lair of Beasts)

   It poisons the flesh of those it strikes.
   It affects your strength (+3).
Missiles
 e - 77 poisoned needles
 M - 3 curare-tipped needles
Armour
 d - a +0 cloak (worn)
 I - a +2 robe of magic resistance (worn)
Jewellery
 m - an uncursed ring of positive energy
 n - an uncursed amulet of rage {unknown}
 o - an uncursed ring of positive energy
 r - a +5 ring of intelligence (right hand)
 v - an amulet of regeneration (around neck)
 B - an uncursed ring of ice
 G - a +2 ring of evasion (left hand)
Wands
 y - a wand of iceblast (3/15)
 A - a wand of paralysis (18/24)
 D - a wand of acid (2/15)
 N - a wand of confusion (14/48)
 O - a wand of disintegration (15/24)
Scrolls
 i - 7 scrolls of remove curse
 k - 9 scrolls of identify
 s - a scroll of enchant weapon
 C - 3 scrolls of fear
 J - a scroll of fog
 S - a scroll of magic mapping
Potions
 f - 6 potions of curing
 l - 2 potions of magic
 p - a potion of brilliance
 u - 2 potions of agility
 z - a potion of ambrosia
 L - a potion of heal wounds
 Q - a potion of lignification
Books
 x - a book of Clouds

   Spells                             Type                      Level
   a - Poisonous Vapours              Poison/Air                   2
   b - Mephitic Cloud                 Conjuration/Poison/Air       3
   c - Conjure Flame                  Conjuration/Fire             3
   d - Freezing Cloud                 Conjuration/Ice/Air          6
   e - Ring of Flames                 Charms/Fire                  7
 E - a book of Debilitation

   Spells                             Type                      Level
   a - Corona                         Hexes                        1
   b - Slow                           Hexes                        2
   c - Inner Flame                    Hexes/Fire                   3
   d - Portal Projectile              Hexes/Translocation          3
   e - Cause Fear                     Hexes                        4
   f - Leda's Liquefaction            Hexes/Earth                  4
 F - a book of Callings

   Spells                             Type                      Level
   a - Summon Small Mammal            Summoning                    1
   b - Call Imp                       Summoning                    2
   c - Call Canine Familiar           Summoning                    3
   d - Summon Guardian Golem          Hexes/Summoning              3
   e - Summon Lightning Spire         Summoning/Air                4
   f - Summon Ice Beast               Ice/Summoning                4
Comestibles
 g - 5 bread rations
 t - 12 royal jellies
 w - 3 fruits


   Skills:
 + Level 7.9 Fighting
 + Level 12.4 Short Blades
 + Level 6.0 Throwing
 + Level 13.8 Dodging
 + Level 17.0 Stealth
 + Level 1.1 Evocations


You had 8 spell levels left.
You knew the following spells:

 Your Spells              Type           Power        Failure   Level  Hunger
a - Summon Guardian Gole  Hex/Summ       #.......     54%         3    ####...


Dungeon Overview and Level Annotations

Branches:
Dungeon (11/15)            Temple (1/1) D:6            Lair (2/6) D:11
    Orc (0/2) D:10
  Swamp: Lair:2-4    Shoals: Lair:2-4     Snake: Lair:2-4    Spider: Lair:2-4

Altars:
Ashenzari
Cheibriados
Dithmenos
Elyvilon
Fedhas
Gozag
Hepliaklqana
Kikubaaqudgha
Makhleb
Nemelex Xobeh
Okawaru
Qazlal
Ru
Sif Muna
Trog
Uskayaw
Vehumet
Wu Jian
Xom
Yredelemnul
Zin
The Shining One
Beogh

Shops:
D:4 [   D:8 *(   D:10 (

Portals:
Volcano: Lair:2

Annotations:
D:8 endorz's ghost, novice GrFi


Innate Abilities, Weirdness & Mutations

You are very small and have problems with some larger weapons.
You are too small for most types of armour.
You have supernaturally acute eyesight. (SInv)
You are a herbivore.
You cover ground extremely quickly.
You need consume almost no food.
You have large cloven feet.
You are partially covered in iridescent scales. (AC +2)
You are partially covered in thin metallic scales. (AC +2)
You are robust. (+10% HP)


Message History

2 freezing wraiths come into view.
The freezing wraith barely misses you.
The freezing wraith completely misses you.
You hit the freezing wraith but do no damage.
You kick the freezing wraith, but do no damage.
You hit the freezing wraith but do no damage.
The freezing wraith hits you. The freezing wraith freezes you!
The freezing wraith hits you. The freezing wraith drains your vigour!
You feel yourself slow down.
As you read the scroll of teleportation, it crumbles to dust.
You feel strangely unstable.
The freezing wraith completely misses you. x2
The freezing wraith completely misses you.
The freezing wraith hits you. The freezing wraith drains your vigour!
You feel as though you will be slow longer.
The freezing wraith hits you!
* * * LOW HITPOINT WARNING * * *
The freezing wraith freezes you!!
You die...
Your body crumbles into a pile of gold.

##..W..##..#
##...###.##
..#
######..#
#.. ##..##
#..# ##...#
#.. ##...##
#.# ##...##
#..##...##
#..#@W## $
#...W.#
##..W##
#####


You could see 3 freezing wraiths.

Vanquished Creatures
  Josephine (D:11)
  2 hydras (D:11)
  3 two-headed ogres
  2 unseen horrors (D:11)
  An ugly thing (D:11)
  2 black mambas (Lair:2)
  A manticore (D:11)
  A spiny frog (Lair:1)
  3 komodo dragons
  A queen bee (Lair:1)
  3 trolls
  Grinder (D:6)
  4 hippogriffs
  7 wraiths
  2 wyverns
  28 yaks
  2 hungry ghosts
  A death yak simulacrum (IceCv)
  The ghost of jotwebe the Shooter, an amateur HuAM (D:4)
  A soldier ant (D:11)
  A hell hound (D:11)
  4 water moccasins
  3 porcupines
  16 ice beasts
  5 orc warriors
  A phantom (D:8)
  5 sky beasts
  3 ogres
  2 necrophages
  4 centaurs
  2 crocodiles
  A big kobold (D:7)
  9 bullfrogs
  A water moccasin zombie (D:11)
  5 scorpions
  A wyvern skeleton (D:6)
  31 killer bees
  5 wights (D:9)
  3 howler monkeys
  6 crimson imps
  A bullfrog zombie (D:11)
  3 quasits
  4 human zombies (D:9)
  2 centaur skeletons
  2 centaur zombies
  7 hounds
  4 orc priests
  3 bullfrog skeletons
  3 worker ants
  4 iguanas
  6 orc wizards
  A polar bear simulacrum (IceCv)
  2 wolf simulacra (IceCv)
  A hound zombie (D:3)
  A hound skeleton (D:11)
  5 mummies (D:9)
  13 adders
  4 gnolls (D:10)
  5 white imps (IceCv)
  An ooze (D:4)
  5 adder skeletons
  2 worms
  A dart slug (D:1)
  4 leopard geckos
  49 orcs
  8 giant cockroaches
  6 goblins
  3 hobgoblins
  18 jackals
  7 kobolds
  3 quokkas
  5 bats
  5 frilled lizards
  An orc zombie (D:9)
  A quokka skeleton (D:6)
  9 rats
374 creatures vanquished.

Vanquished Creatures (others)
  A two-headed ogre (D:9)
  A troll (D:9)
  2 yaks (D:9)
  A human (D:3)
  A centaur (D:9)
  A scorpion (D:9)
  A howler monkey (D:9)
  A crimson imp (D:9)
  2 orc wizards (D:9)
  A worker ant zombie (D:9)
  An orc (D:9)
  2 fungi (Lair:1)
  6 plants
21 creatures vanquished.

Grand Total: 395 creatures vanquished

Notes
Turn   | Place    | Note
-------+----------+-------------------------------------------
     0 | D:1      | Manul the Spriggan Assassin began the quest for the Orb.
     0 | D:1      | Reached XP level 1. HP: 10/10 MP: 2/2
    59 | D:1      | Reached skill level 6 in Stealth
   308 | D:1      | Reached XP level 2. HP: 15/15 MP: 3/3
   876 | D:2      | Reached XP level 3. HP: 15/18 MP: 4/4
  1139 | D:2      | Found a radiant altar of Vehumet.
  1416 | D:3      | Reached skill level 7 in Stealth
  1416 | D:3      | Reached XP level 4. HP: 15/23 MP: 5/5
  1788 | D:2      | Found an ancient bone altar of Kikubaaqudgha.
  1788 | D:2      | Found a burning altar of Makhleb.
  1822 | D:2      | Gained mutation: You are robust. (+10% HP) [potion of mutation]
  1822 | D:2      | Gained mutation: Your spells are a little easier to cast, but a little less powerful. [potion of mutation]
  1822 | D:2      | Gained mutation: You have large cloven feet. [potion of mutation]
  1822 | D:2      | Gained mutation: Your mind is acute. (Int +2) [potion of mutation]
  1942 | D:3      | Reached XP level 5. HP: 26/29 MP: 6/6
  2444 | D:3      | Found an ancient bone altar of Kikubaaqudgha.
  2447 | D:3      | Noticed a human
  2450 | D:3      | Killed a human
  2753 | D:4      | Noticed jotwebe's ghost (amateur HuAM)
  2957 | D:4      | Noticed an ogre
  2965 | D:4      | Killed an ogre
  2965 | D:4      | Reached XP level 6. HP: 25/35 MP: 7/7
  3157 | D:4      | Killed jotwebe's ghost
  3157 | D:4      | Reached skill level 5 in Short Blades
  3427 | D:3      | Reached skill level 8 in Stealth
  3666 | D:4      | Reached XP level 7. HP: 35/39 MP: 8/8
  3725 | D:4      | Found a sacrificial altar of Ru.
  3730 | D:4      | Found a shimmering altar of Xom.
  4006 | D:4      | Found Jouwiuts's Armour Boutique.
  4263 | D:5      | Entered Level 5 of the Dungeon
  4744 | D:5      | Found a hide-covered altar of Uskayaw.
  5220 | D:6      | Noticed Grinder
  5465 | D:6      | Reached XP level 8. HP: 41/46 MP: 9/9
  5480 | D:6      | Killed Grinder
  5480 | D:6      | Reached skill level 5 in Dodging
  5480 | D:6      | Reached skill level 9 in Stealth
  5706 | D:6      | Found a shadowy altar of Dithmenos.
  5865 | D:6      | Found a shattered altar of Ashenzari.
  5931 | D:6      | Found an opulent altar of Gozag.
  5936 | D:6      | Became a worshipper of Gozag Ym Sagoz the Greedy
  6948 | D:6      | Found a staircase to the Ecumenical Temple.
  6957 | Temple   | Entered the Ecumenical Temple
  7305 | D:6      | Reached XP level 9. HP: 38/50 MP: 10/10
  7758 | D:7      | Reached skill level 10 in Stealth
  8290 | D:7      | Found a white marble altar of Elyvilon.
  8332 | D:8      | Found Obriblig's General Store.
  8335 | D:8      | Bought a potion of curing for 30 gold pieces
  8347 | D:8      | Found a stormy altar of Qazlal.
  8705 | D:8      | Reached skill level 5 in Fighting
  8705 | D:8      | Reached skill level 11 in Stealth
  9197 | D:8      | Noticed a three-headed hydra
  9197 | D:8      | Noticed endorz's ghost (novice GrFi)
  9238 | D:9      | Noticed a troll
  9379 | D:9      | Killed a two-headed ogre
  9660 | D:9      | Found a basalt altar of Yredelemnul.
 10097 | D:9      | Noticed a troll
 10221 | D:8      | Reached XP level 10. HP: 39/56 MP: 11/11
 10227 | D:8      | Reached skill level 12 in Stealth
 10262 | D:8      | Reached skill level 10 in Short Blades
 10835 | D:8      | Reached skill level 13 in Stealth
 11542 | D:9      | Found a roughly hewn altar of Beogh.
 11634 | D:9      | Found a shimmering altar of Xom.
 11740 | D:9      | Found a glowing silver altar of Zin.
 12148 | D:9      | Learned a level 3 spell: Summon Guardian Golem
 12255 | D:10     | Entered Level 10 of the Dungeon
 12267 | D:10     | Noticed a two-headed ogre
 12269 | D:10     | Killed a two-headed ogre
 12269 | D:10     | Reached skill level 14 in Stealth
 12430 | D:10     | Found a staircase to the Orcish Mines.
 12442 | D:10     | Found a roughly hewn altar of Beogh.
 12466 | D:10     | Reached XP level 11. HP: 58/61 MP: 12/12
 13201 | D:10     | Noticed a two-headed ogre
 13241 | D:10     | Killed a two-headed ogre
 13474 | D:11     | Noticed a purple ugly thing
 13476 | D:11     | Noticed a five-headed hydra
 13490 | D:10     | Bought a crude dagger for 238 gold pieces
 13490 | D:10     | Identified the +5 dagger of Qazlal's Condemnation {flame, rN+} (You bought it in a shop on level 10 of the Dungeon)
 13531 | D:11     | Noticed Josephine
 13563 | D:11     | Reached skill level 5 in Throwing
 14358 | D:11     | Reached skill level 10 in Dodging
 14371 | D:11     | Found a staircase to the Lair.
 14463 | D:11     | Killed Josephine
 14463 | D:11     | Reached skill level 15 in Stealth
 14477 | D:11     | Lost mutation: Your spells are a little easier to cast, but a little less powerful. [potion of mutation]
 14477 | D:11     | Lost mutation: Your mind is acute. (Int +2) [potion of mutation]
 14477 | D:11     | Gained mutation: You are partially covered in thin metallic scales. (AC +2) [potion of mutation]
 14477 | D:11     | Gained mutation: You are partially covered in iridescent scales. (AC +2) [potion of mutation]
 14586 | D:11     | Noticed a two-headed ogre
 14591 | D:11     | Noticed an unseen horror
 14593 | D:11     | Killed a two-headed ogre
 14627 | D:11     | Killed an unseen horror
 14815 | D:11     | Killed a purple ugly thing
 14902 | D:11     | Noticed a five-headed hydra
 14942 | D:11     | Killed a five-headed hydra
 14960 | D:11     | Reached skill level 1 in Evocations
 15427 | D:11     | Noticed an unseen horror
 15477 | D:11     | Killed an unseen horror
 15477 | D:11     | Reached XP level 12. HP: 47/69 MP: 13/13
 15533 | D:11     | Killed a five-headed hydra
 15725 | Lair:1   | Entered Level 1 of the Lair of Beasts
 16597 | Lair:1   | Reached skill level 16 in Stealth
 17226 | Lair:2   | Got a slimy quarterstaff
 17500 | Lair:2   | Found a dark tunnel.
 17521 | Lair:2   | Found a frozen archway.
 17648 | IceCv    | Entered an ice cave
 17714 | IceCv    | Reached skill level 17 in Stealth
 17931 | IceCv    | Identified the +9 quarterstaff "Maanoeh" {venom, Str+3} (You found it on level 2 of the Lair of Beasts)
 18075 | IceCv    | Mangled by a freezing wraith

Vault maps used:
D:1:      saegor_arrival_simple_e
D:2:      nicolae_overflow_hidden_temple, first_bread
D:3:      kennysheep_cross_room, tgw_kikubaaqudgha
D:4:      amethyst_overflow_temple_binary, serial_shops, shop
D:5:      eat_drink_and_be_merry_uskayaw
D:6:      kennysheep_little_box, lemuel_crystal_altar, kennysheep_mini_moat,
          minmay_temple_entry_poolview, uniq_grinder
D:7:      lemuel_round_altar
D:8:      grunt_qazlal_clouds, hangedman_ranch, minmay_shop_grid_forest
D:9:      marbit_many_paths, lemuel_mausoleum_altar_yredelemnul, serial_curves,
          eino_curves_04, eino_curves_03, eino_curves_01, special_room,
          xom_confusion_cloud
D:10:     minmay_orc_entry_temple_small, minivault_25_ag
D:11:     minmay_lair_entry_lava, uniq_josephine
Temple:   compressed_dpeg_triangle_lava_temple
Lair:1:   grunt_megastairs_5
Lair:2:   lightli_volcano_entry_magma_tube, portal_ice_cave_entry_ice_beasts,
          beast_lair_carwin_7, serial_bayou_shore_b, infiniplex_staircase_pool,
          serial_bayou_shore_b
IceCv:    ice_cave_small_necro

Skill      XL: |  1  2  3  4  5  6  7  8  9 10 11 12 |
---------------+-------------------------------------+-----
Stealth        | 6 7 8 9 11 14 15 17 | 17.0
Fighting       | 2 3 4 5 6 7 |  7.9
Short Blades   | 3 4 5 7 9 11 12 | 12.4
Dodging        | 2 3 4 6 7 9 11 13 | 13.8
Throwing       | 4 5 6 |  6.0
Evocations     | 1 |  1.1

Action                   |  1- 3 |  4- 6 |  7- 9 | 10-12 || total
-------------------------+-------+-------+-------+-------++-------
Melee: Dagger            |    11 |       |       |   965 ||   976
       Short sword       |   118 |   151 |   595 |   525 ||  1389
       Kick              |       |    38 |   171 |   513 ||   722
 Fire: Blowgun           |     4 |       |    45 |    56 ||   105
Invok: Call Merchant     |       |       |     1 |     1 ||     2
       Potion Petition   |       |       |     1 |       ||     1
Evoke: Wand              |       |       |       |     2 ||     2
  Use: Scroll            |       |     7 |     8 |    11 ||    26
       Potion            |       |     2 |     5 |     4 ||    11
 Stab: Sleeping          |     9 |     5 |    27 |    30 ||    71
       Distracted        |     1 |     1 |     1 |    22 ||    25
       Invisible         |       |       |     7 |    16 ||    23
  Eat: Bread ration      |       |       |     2 |     2 ||     4
Armor: Robe              |    14 |    12 |    24 |    51 ||   101
Dodge: Dodged            |   123 |   112 |   395 |  1038 ||  1668
